Unix NetHack Version 5.0.0-0 post-release - last build Jul 19 2026 19:10:59 (3aa4ab31751d3886436d94b585a96704892fd477,branch:main).

Game began 2026-07-22 09:08:44, ended 2026-07-22 11:34:30.

Anarchos, lawful female dwarven Valkyrie

         ---   ----                  ---     ----     ---
   $    --.-- --..--     ----       --.--    |..-------.---       *
     $  |...---.>..|     |..----  $ |...|   --....--.|<...|         ------.--
   *  $ --........--     |.....--   --..|   |.............|        --........|
         --..--...|      ----...---- --.--  |.............|        |.........--
          |.--|...-        |.......|  |..| --....|......--    ---  |..........|
      -----.-- ---.      ---.-----.|  --.|--...--|......|   ---.-- |.........--
     --......---         |.^.|   |.--- |.|...-----.------   |....| --........|
     |...--....|         |^---   |...--|.|..-- |....|    ----....|  |.......--
     --........--       --.|---  --....|.|--- --....|    |.......|---.......|
      |.........---------..|..--  |....|.------....-- -----......--........--
      |.-.........|............|  --........u@..|..----..---...............--
      |..|..-----.|-..----.....|     -.....-----|............---............--
      |-.|---   |.|...|  --....|      -......----.....-------- ----..........|
      -..--     |...--    --...|   $   -..............|          --....--....|
   ---....---  --.---      -----        -..)..----..---         --..-------.--
   |........-- |...|                    |.....|  ----           |^.--     ---
   |.........----..|            $ $     -..---                 --.-|    $
   ---.......`| ---  $                   ..|               *   |...|
     --..--..--                                                |..--
      --------                                                 ----
Anarchos the Fighter        St:18/01 Dx:15 Co:15 In:8 Wi:13 Ch:9  Lawful
Dlvl:7  $:69 HP:0(56) Pw:7(7) AC:-2 Xp:7 T:5908  Burdened

Latest messages:
 You swap places with your dog.
 Suddenly, the iguana falls through a trap door.
 Suddenly, the gray ooze falls through a trap door.
 You swap places with your dog.
 Really step onto that trap door? [yn] (n) n
 A trap door opens up under you!
 You fall down a shaft!
 Where do you want to travel to?
 (For instructions type a '?')
 You climb up the stairs.
 Where do you want to travel to?
 (For instructions type a '?')
 Can't find dungeon feature '_'.
 You are already here.
 You fall down the stairs.
 Where do you want to travel to?
 (For instructions type a '?')
 You hear rumbling in the distance.
 You fall down the stairs.
 Where do you want to travel to?
 (For instructions type a '?')
 You fall down the stairs.
 Where do you want to travel to?
 (For instructions type a '?')
 You miss the gray unicorn.
 The gray unicorn vanishes!
 The gray unicorn butts!
 The gray unicorn misses!
 You miss the gray unicorn.
 The gray unicorn misses!
 The gray unicorn kicks!
 The gray unicorn butts!
 The gray unicorn kicks!
 You miss the gray unicorn.
 The gray unicorn butts!
 The gray unicorn kicks!
 The gray unicorn butts!
 The gray unicorn kicks!
 You hit the gray unicorn!
 The gray unicorn butts!
 The gray unicorn kicks!
 You miss the gray unicorn.
 The gray unicorn butts!
 The gray unicorn just misses!
 You miss the gray unicorn.
 The gray unicorn misses!
 The gray unicorn misses!
 The gray unicorn butts!
 You die...
 Do you want your possessions identified? [ynq] (y) q

Inventory:
 Coins    ('$')
  $ - 69 gold pieces
 Weapons  (')')
  H - 10 +0 arrows
  x - a +0 dart
  b - 5 +0 daggers (alternate weapons; not wielded)
  P - a corroded +0 dagger (at the ready)
  a - a rusty +2 dwarvish spear
  L - a +0 orcish dagger
  V - a +0 scimitar
 Armor    ('[')
  O - a blessed +2 orcish helm
  Y - an uncursed +0 orcish helm (being worn)
  n - a cursed -1 pair of iron shoes (being worn)
  c - an uncursed burnt +3 small shield (being worn)
  u - an uncursed burnt +0 cloak of displacement (being worn)
  K - a cursed -1 elven cloak
  Q - an uncursed burnt +0 mummy wrapping
  o - a cursed -1 mummy wrapping
  k - an uncursed +0 crystal plate mail (being worn)
 Comestibles  ('%')
  t - an uncursed clove of garlic
  X - an uncursed pancake
  f - an uncursed tripe ration
  m - 2 uncursed eggs
  h - an uncursed lizard corpse
  G - an uncursed lizard corpse
 Scrolls  ('?')
  W - 3 uncursed scrolls of blank paper
  v - an uncursed scroll of identify
 Spellbooks  ('+')
  g - a blessed spellbook of healing
 Rings    ('=')
  D - an uncursed ring of polymorph control (on left hand)
 Wands    ('/')
  j - a wand of fire (0:7)
 Tools    ('(')
  F - an empty uncursed sack
  p - an uncursed blindfold
  C - an uncursed figurine of a raven
  Z - a +0 grappling hook (weapon in right hand)
  s - an uncursed lock pick
  T - an uncursed mirror
  e - an uncursed oil lamp
  N - an uncursed pair of lenses
  l - an uncursed skeleton key
  r - 3 uncursed partly used tallow candles
  d - an uncursed partly used wax candle
 Gems/Stones  ('*')
  I - an uncursed aquamarine stone
  i - 2 uncursed fluorite stones
  R - an uncursed jasper stone
  z - 2 uncursed worthless pieces of black glass
  y - 2 uncursed worthless pieces of blue glass
  U - 5 uncursed worthless pieces of green glass
  E - 3 uncursed worthless pieces of orange glass
  S - 4 uncursed worthless pieces of red glass
  q - an uncursed worthless piece of violet glass
  J - 2 uncursed worthless pieces of white glass
  B - 2 uncursed worthless pieces of yellow glass
  A - an uncursed worthless piece of yellowish brown glass
  M - 2 uncursed flint stones

Anarchos the Valkyrie's attributes:

Background:
 You were a Fighter, a level 7 dwarven Valkyrie.
 You were lawful, on a mission for Tyr
 who was opposed by Odin (neutral) and Loki (chaotic).
 You were right-handed.
 You were in the Gnomish Mines, on level 7.
 You entered the dungeon 5908 turns ago.
 You had 1055 experience points, 225 more were needed to attain level 8.

Basics:
 You had 0 out of 56 hit points.
 You had all 7 energy points (spell power).
 Your armor class was -2.
 Your wallet contained 69 zorkmids.
 Autopickup was on for all types.

Final Characteristics:
 Your strength was 18/01 (limit:18/100).
 Your dexterity was 15 (limit:20).
 Your constitution was 15 (limit:20).
 Your intelligence was 8 (limit:16).
 Your wisdom was 13 (limit:16).
 Your charisma was 9 (limit:16).

Final Status:
 You weren't hungry.
 You were burdened; movement was slightly slowed.
 You were wielding a hook.
 You had no skill with flail.

Final Attributes:
 You were piously aligned.
 You were cold resistant.
 You were poison resistant.
 You were telepathic.
 You had infravision.
 You were displaced.
 You were stealthy.
 You were guarded.
 You had polymorph control.
 You were fast.
 You are dead.

Miscellaneous:
 You didn't encounter any bones levels.
 Total elapsed playing time was 39 minutes and 13 seconds.

Major events:
 Turn
    1: Anarchos the lawful dwarven Valkyrie entered the dungeon
  782: attained the rank of Skirmisher (level 3)
  981: entered the Gnomish Mines
 2684: reached Mine Town
 3009: attained the rank of Fighter (level 6)
 5908: killed by a gray unicorn

Spells:
 Name                 Level Category     Fail Retention
 healing                1   healing       78%   51%-75%

Skills:
 Fighting Skills
   bare handed combat [Unskilled]
   two weapon combat  [Unskilled]
   riding             [Unskilled]
 Weapon Skills
   dagger             [Basic]
   axe                [Unskilled]
   pick-axe           [Unskilled]
   short sword        [Unskilled]
   broadsword         [Unskilled]
   long sword         [Unskilled]
   two-handed sword   [Unskilled]
   saber              [Unskilled]
   hammer             [Unskilled]
   quarterstaff       [Unskilled]
   polearms           [Unskilled]
   spear              [Skilled]
   trident            [Unskilled]
   lance              [Unskilled]
   sling              [Unskilled]
 Spellcasting Skills
   attack spells      [Unskilled]
   escape spells      [Unskilled]

Voluntary challenges:
 Character rerolling was not enabled.
 You never genocided any monsters.
 You never polymorphed an object.
 You used no wishes.
Achievements:
 You entered a shop.
 You attained the rank of Skirmisher.
 You entered the Gnomish Mines.
 You entered Minetown.
 You entered a temple.
 You attained the rank of Fighter.

 The Dungeons of Doom: levels 1 to 2
    Level 1:
       A fountain, a sink, a grave.
    Level 2:
       A general store.
       Stairs down to The Gnomish Mines.
 The Gnomish Mines: levels 3 to 10
    Level 3:
    Level 4:
    Level 5:
    Level 6:
       Many shops, a temple and an altar, some fountains.
    Level 7: <- You were here.
       Final resting place for
          you, killed by a gray unicorn.
    Level 8:
    Level 9:
    Level 10:


Vanquished creatures:
  a lurker above
  a small mimic
  a pyrolisk
  a Grey-elf
  a giant beetle
  a lynx
  a giant spider
  2 lizards
  a dingo
  a jaguar
  a blue jelly
 an ape
  2 Woodland-elves
 an imp
  a mountain nymph
  a rock piercer
  2 rock moles
  a fog cloud
  2 yellow lights
  5 gnome leaders
  2 gnomish wizards
  2 kobold mummies
  a gray ooze
  a paper golem
  2 dwarves
  a homunculus
  a kobold leader
  9 hill orcs
  a rabid rat
  a giant bat
  4 orc zombies
 10 dwarf zombies
  2 wererats
  a werejackal
 an iguana
  3 acid blobs
  3 hobbits
  3 manes
  a large kobold
  a cave spider
  a brown mold
 19 gnomes
  5 gnome zombies
  2 geckos
  3 jackals
  2 foxes
  5 goblins
  9 grid bugs
  2 bats
  3 lichens
 12 kobold zombies
  5 newts
146 creatures vanquished.

No species were genocided or became extinct.

Game over:
                       ----------
                      /          \
                     /    REST    \
                    /      IN      \
                   /     PEACE      \
                  /                  \
                  |     Anarchos     |
                  |      69 Au       |
                  | killed by a gray |
                  |     unicorn      |
                  |                  |
                  |                  |
                  |       2026       |
                 *|     *  *  *      | *
        _________)/\\_//(\/(/\)/\//\/|_)_______

Farvel Anarchos the Valkyrie...

You died in The Gnomish Mines on dungeon level 7 with 4783 points,
and 69 pieces of gold, after 5908 moves.
You were level 7 with a maximum of 56 hit points when you died.

